 Dungeon Crawl Stone Soup version 0.25.0-9-g26727b6 (webtiles) character file.

Game seed: 9550723057189292322

1158 Helmschank the Spear-Bearer (level 8, 0/55 HPs)
             Began as a Merfolk Gladiator on June 19, 2020.
             Was a Follower of Hepliaklqana.
             Slain by Grinder (1 damage)
             ... while paralysed by Grinder
             ... on level 6 of the Dungeon.
             The game lasted 00:22:25 (6112 turns).

Helmschank the Spear-Bearer (Merfolk Gladiator)     Turns: 6112, Time: 00:22:25

Health: 0/55       AC:  6    Str: 14    XL:     8   Next: 39%
Magic:  10/10      EV:  2    Int:  9    God:    Hepliaklqana [*.....]
Gold:   121        SH:  0    Dex: 16    Spells: 7/7 levels left

rFire    . . .     SeeInvis .   a - +0 trident
rCold    . . .     Gourm    .   q - +0 kite shield
rNeg     . . .     Faith    .   B - +0 leather armour
rPois    .         Spirit   .   c - +1 helmet
rElec    .         Reflect  .   (no cloak)
rCorr    .         Harm     .   d - +0 pair of gloves
MR       .....                  (no boots)
Stlth    +.........             (no amulet)
HPRegen  0.18/turn              (no ring)
MPRegen  0.12/turn              (no ring)

@: paralysed
A: change form in water, swift swim, stealthy swim, reduced essence
a: Recall Ancestor, Ancestor Identity, Renounce Religion


You were on level 6 of the Dungeon.
You worshipped Hepliaklqana.
Hepliaklqana was aware of your devotion.
You were hungry.

You visited 2 branches of the dungeon, and saw 7 of its levels.

You collected 349 gold pieces.
You spent 228 gold pieces at shops.

Inventory:

Hand Weapons
 a - a +0 trident (weapon)
 b - a +0 scythe
 r - a +0 spear of distortion
 D - a +2 hand axe of venom
Missiles
 e - 4 javelins
 y - 36 poisoned darts
 O - 264 stones (quivered)
 Z - 3 throwing nets
Armour
 c - a +1 helmet (worn)
 d - a +0 pair of gloves (worn)
 q - a +0 kite shield (worn)
 B - a +0 leather armour (worn)
Jewellery
 j - an uncursed ring of fire {unknown}
 k - an uncursed amulet of the acrobat {unknown}
 s - an uncursed ring of fire {unknown}
Wands
 g - a wand of random effects (21)
 A - a wand of paralysis (4)
 F - a wand of acid (10)
 I - a wand of digging (6)
Scrolls
 h - a scroll of amnesia
 i - a scroll of enchant weapon {unknown}
 l - 2 scrolls of teleportation
 m - a scroll of enchant armour
 o - a scroll of fear {unknown}
 v - a scroll of remove curse {unknown}
 x - 2 scrolls of fog {unknown}
 E - a scroll of noise {unknown}
Potions
 n - a potion of haste
 p - 2 potions of lignification {unknown}
 t - 2 potions of curing
 u - a potion of invisibility
 w - 3 potions of flight
 z - a potion of might {unknown}
 G - 3 potions of heal wounds
Comestibles
 f - 9 rations
 C - 3 chunks of flesh


   Skills:
 - Level 5.0 Fighting
 - Level 8.0 Polearms
 - Level 3.0 Throwing
 - Level 2.0 Armour
 - Level 7.0 Dodging
 - Level 3.0 Shields
 + Level 3.3 Invocations


You had 7 spell levels left.
You didn't know any spells.
Your spell library was empty.

Dungeon Overview and Level Annotations

Branches:
Dungeon (6/15)             Temple (1/1) D:4

Altars:
Ashenzari
Cheibriados
Dithmenos
Elyvilon
Fedhas
Gozag
Hepliaklqana
Kikubaaqudgha
Makhleb
Okawaru
Qazlal
Sif Muna
Trog
Uskayaw
Wu Jian
Xom
Yredelemnul
Zin
The Shining One

Shops:
D:6 *!:

Annotations:
D:6 Grinder


Message History

You take 4 damage, and have 29/55 hp.
You hit Grinder.
Grinder is heavily wounded.
Grinder barely misses you.
You hit Grinder but do no damage.
Grinder is heavily wounded.
Grinder gestures at you.
You suddenly lose the ability to move!
Grinder hits you.
You writhe in agony.
Grinder hits you.
You writhe in agony.
* * * LOW HITPOINT WARNING * * *
Grinder hits you but does no damage. Grinder barely misses you.
Grinder completely misses you. Grinder hits you.
* * * LOW HITPOINT WARNING * * *
You writhe in agony.
* * * LOW HITPOINT WARNING * * *
Grinder hits you.
* * * LOW HITPOINT WARNING * * *
You writhe in agony.
You die...

#....#
##
#..#.#
..
#....#
#.
#.####
#? #.#
#. #.#
#. #.#
#.####.#
#..@5..#
########


You could see Grinder (fast).

Vanquished Creatures
  Sigmund (D:5)
  Menkaure (D:6)
  An ogre (D:5)
  A centaur (D:5)
  A water moccasin zombie (D:5)
  A hound (D:4)
  A bullfrog skeleton (D:6)
  2 orc wizards
  Ijyb (D:3)
  A hound skeleton (D:5)
  5 adders
  2 worms
  2 leopard geckos
  8 orcs
  13 goblins
  4 hobgoblins
  4 jackals (D:3)
  2 kobolds
  A quokka (D:2)
  3 bats (D:2)
  3 frilled lizards
  9 rats
67 creatures vanquished.

Vanquished Creatures (collateral kills)
  An ogre (D:6)
  A bullfrog (D:6)
  2 crimson imps
  A hound (D:5)
  4 orc wizards (D:5)
  2 adders
  A shadow imp (D:5)
  An adder skeleton (D:6)
  A worm (D:4)
  A leopard gecko (D:5)
  7 orcs
  3 giant cockroaches
  A frilled lizard (D:5)
26 creatures vanquished.

Vanquished Creatures (others)
  3 ancestors
3 creatures vanquished.

Grand Total: 96 creatures vanquished

Notes
Turn   | Place    | Note
-------+----------+-------------------------------------------
     0 | D:1      | Helmschank the Merfolk Gladiator began the quest for the
                  | Orb.
     0 | D:1      | Reached XP level 1. HP: 16/16 MP: 1/1
   407 | D:1      | Reached skill level 5 in Polearms
   481 | D:1      | Reached XP level 2. HP: 20/22 MP: 2/2
  1099 | D:2      | You fall into a shaft and drop 1 floor!
  1226 | D:3      | Found a bloodstained altar of Trog.
  1253 | D:3      | Reached skill level 6 in Polearms
  1253 | D:3      | Reached XP level 3. HP: 25/28 MP: 3/3
  1419 | D:3      | Noticed Ijyb
  1482 | D:2      | Reached XP level 4. HP: 19/35 MP: 4/4
  2097 | D:2      | Reached skill level 5 in Dodging
  2541 | D:3      | Reached XP level 5. HP: 21/41 MP: 5/5
  2717 | D:3      | Killed Ijyb
  2717 | D:3      | Reached skill level 1 in Armour
  2968 | D:3      | Reached skill level 1 in Shields
  3094 | D:4      | Found a staircase to the Ecumenical Temple.
  3105 | Temple   | Entered the Ecumenical Temple
  3241 | Temple   | Became a worshipper of Hepliaklqana the Forgotten
  3929 | D:4      | Reached skill level 7 in Polearms
  3929 | D:4      | Reached XP level 6. HP: 42/42 MP: 6/6
  4040 | D:5      | Entered Level 5 of the Dungeon
  4583 | D:5      | Reached XP level 7. HP: 48/48 MP: 7/7
  4737 | D:5      | Reached * piety under Hepliaklqana
  4750 | D:5      | Noticed Sigmund
  4761 | D:5      | Killed Sigmund
  5044 | D:5      | Reached skill level 8 in Polearms
  5246 | D:5      | Reached skill level 5 in Fighting
  5385 | D:6      | Reached XP level 8. HP: 55/55 MP: 9/9
  5409 | D:6      | Found a shimmering blue altar of Sif Muna.
  5415 | D:6      | Found a blossoming altar of Fedhas.
  5423 | D:6      | Found a shimmering altar of Xom.
  5423 | D:6      | Noticed Menkaure
  5576 | D:6      | Killed Menkaure
  5854 | D:6      | Found Qoov Ryf's General Store.
  5981 | D:6      | Found Baromof's Book Shoppe.
  6054 | D:6      | Found Ynaesysk's Distillery.
  6058 | D:6      | Bought 2 potions of heal wounds for 120 gold pieces
  6058 | D:6      | Bought a potion of heal wounds for 60 gold pieces
  6058 | D:6      | Bought a potion of curing for 36 gold pieces
  6058 | D:6      | Bought a potion of degeneration for 12 gold pieces
  6075 | D:6      | Noticed Grinder
  6093 | D:6      | Paralysed by Grinder for 7 turns
  6107 | D:6      | Paralysed by Grinder for 6 turns
  6112 | D:6      | HP: 1/55 [Grinder (6)]
  6112 | D:6      | Slain by Grinder

Illustrated notes

Levels and vault maps discovered:
D:1:      psy_arrival_radial02, layout_loops_corners
D:2:      layout_basic, guppyfry_early_orc_mine
D:3:      layout_rooms, minivault_27, bloody_trog, uniq_ijyb
D:4:      layout_loops_ring, temple_pool_b
D:5:      layout_basic, first_ration, uniq_sigmund
D:6:      layout_loops_ring, grunt_temple_overflow_open, serial_shops,
          nicolae_shop_stone, shop, shop_fountains, kennysheep_generic_room_3,
          uniq_menkaure, uniq_grinder
Temple:   regret_index_temple_sphere_string

Skill      XL: |  1  2  3  4  5  6  7  8 |
---------------+-------------------------+-----
Polearms       | 5 6 7 8 |  8.0
Fighting       | 3 4 5 |  5.0
Dodging        | 5 6 7 |  7.0
Throwing       | 3 |  3.0
Armour         | 1 2 |  2.0
Shields        | 1 2 3 |  3.0
Invocations    | 2 3 |  3.3

Action                   |  1- 3 |  4- 6 |  7- 9 || total
-------------------------+-------+-------+-------++-------
Melee: Trident           |    91 |   136 |    72 ||   299
Throw: Throwing net      |     4 |       |       ||     4
       Stone             |     6 |    41 |    19 ||    66
Invok: Ancestor Identity |       |     2 |       ||     2
       Recall Ancestor   |       |     2 |     1 ||     3
Evoke: Wand              |       |       |     2 ||     2
  Use: Potion            |       |     2 |       ||     2
       Scroll            |       |     5 |     1 ||     6
 Stab: Sleeping          |     1 |       |     1 ||     2
       Held in net/web   |     1 |       |       ||     1
       Paralysed         |       |       |     2 ||     2
  Eat: Chunk             |     2 |     9 |     5 ||    16
Armor: Leather armour    |    16 |    60 |     6 ||    82
Dodge: Dodged            |    54 |   103 |    17 ||   174
Block: Kite shield       |       |    15 |     7 ||    22
